 Dungeon Crawl Stone Soup version 0.29.0-4-gdea44cf6ec (webtiles) character file.

Game seed: 2394175861799490876

382 qw the Chopper (level 6, -2/35 HPs)
             Began as a Tengu Warper on Aug 28, 2022.
             Slain by a gnoll sergeant
             ... wielding a +0 vampiric spear
              (6 damage)
             ... on level 6 of the Dungeon.
             The game lasted 00:00:19 (3346 turns).

qw the Chopper (Tengu Warper)                       Turns: 3346, Time: 00:00:20

Health: -2/35      AC: 14    Str: 13    XL:     6   Next: 76%
Magic:  10/10      EV:  5    Int: 14    God:
Gold:   53         SH:  0    Dex: 13    Spells: 9/9 levels left

rFire   . . .      SeeInvis .   Y - +2 hand axe
rCold   . . .      Faith    .   (no shield)
rNeg    . . .      Spirit   .   m - +0 plate armour
rPois   .          Reflect  .   (helmet restricted)
rElec   .          Harm     .   p - +0 cloak
rCorr   .          Rampage  .   j - +1 pair of gloves
Will    .....                   (boots unavailable)
Stlth   ..........              (no amulet)
HPRegen 0.11/turn               (no ring)
MPRegen 0.12/turn               (no ring)

@: lethally poisoned (-2 -> -32), flying quickly and evasively, quick
A: beak, talons 3, nimble flight
a: no special abilities


You were on level 6 of the Dungeon.
You visited 1 branch of the dungeon, and saw 4 of its levels.

You collected 209 gold pieces.
You spent 156 gold pieces at shops.


Innate Abilities, Weirdness & Mutations

You have a beak for a mouth.
You have claws for feet.
Your magical nature lets you fly swiftly and evasively.


   Skills:
 - Level 2.0 Fighting
 + Level 6.9 Axes
 - Level 1.0 Throwing
 - Level 3.3 Armour
 - Level 2.1 Dodging
 - Level 2.0 Spellcasting
 - Level 2.4 Translocations


You had 9 spell levels left.
You didn't know any spells.
Your spell library contained the following spells:

 Spells                   Type           Power      Damage    Failure   Level
 Blink                    Tloc           16%        N/A       100%        2
 Gell's Gravitas          Tloc           8%         N/A       100%        3
 Lesser Beckoning         Tloc           8%         N/A       100%        3
 Teleport Other           Tloc           8%         N/A       100%        3
 Manifold Assault         Tloc           8%         N/A       100%        5

Inventory:

Hand Weapons
 k - a +2 vampiric whip
 Y - a +2 hand axe (weapon)
Armour
 f - a scarf of repulsion
 j - a +1 pair of gloves (worn)
 m - a +0 plate armour (worn)
 p - a +0 cloak (worn)
Scrolls
 b - a scroll of teleportation
 i - a scroll of identify
Potions
 a - a potion of heal wounds
 c - a potion of resistance {unknown}
 d - a potion of mutation
 e - a potion of might
 h - a potion of flight {unknown}
 l - a potion of lignification {unknown}
 o - a potion of ambrosia {unknown}

Dungeon Overview and Level Annotations

Branches:
Dungeon (6/15)
 Temple: D:4-7

Altars:

Shops:
D:6 *

Annotations:
D:3 1 runed translucent door, Crazy Yiuf


Message History

The gnoll sergeant shouts!
The gnoll hits you with a +0 spear.
Enter note: You barely miss the gnoll.
You claw the gnoll.
The gnoll is moderately wounded.
The gnoll hits you but does no damage.
You closely miss the gnoll. You claw the gnoll.
The gnoll is heavily wounded.
You closely miss the gnoll. The gnoll hits you with a +0 spear.
The gnoll hits you with a +0 club.
You hit the gnoll. Your kick misses the gnoll.
The gnoll is severely wounded.
You hit the gnoll.
The gnoll hits you from afar with a +1 spear of venom.
You are poisoned.
The gnoll hits you but does no damage.
The gnoll sergeant hits you but does no damage.
You slash the gnoll!
You kill the gnoll!
You closely miss the gnoll.
You feel very sick.
The gnoll hits you from afar with a +1 spear of venom.
You are lethally poisoned!
The gnoll sergeant barely misses you.
You hit the gnoll. You claw the gnoll. Your peck misses the gnoll.
The gnoll is almost dead.
You feel very sick. The gnoll barely misses you. The gnoll closely misses you.
The gnoll sergeant hits you but does no damage.
You hit the gnoll.
You kill the gnoll!
You feel very sick. The gnoll hits you but does no damage.
You are more poisoned.
The gnoll sergeant hits you but does no damage.
You feel very sick. The gnoll hits you but does no damage.
You are more poisoned.
The gnoll sergeant hits you with a +0 vampiric spear.
You die...

.................
...$..........
......#..##..##..
<............# .....
##.###.#
.##........##..# ....
#....##
##..##.#######... ...
#.....###...##.##
.... ##
#......\..........
###..
#.......###.........
#####
...#....###.#.......#
#.#..
##..####...@.##.....#
#..#.
##..^<....g.g...[..#
#.###
##########.........
#.# #......... #..
........ #### .......
#######


You could see a gnoll sergeant and a gnoll.

Vanquished Creatures
  An ogre (D:3)
  A kobold brigand (D:3)
  A scorpion (D:6)
  A hound (D:6)
  Natasha (D:3)
  2 gnolls (D:6)
  3 adders
  A worm (D:2)
  8 bats
  3 endoplasms
  14 goblins
  6 hobgoblins
  13 kobolds
  2 quokkas
  8 ball pythons
  4 frilled lizards
  4 rats (D:1)
73 creatures vanquished.

Vanquished Creatures (others)
  8 plants
8 creatures vanquished.

Grand Total: 81 creatures vanquished

Notes
Turn   | Place    | Note
-------+----------+-------------------------------------------
     0 | D:1      | qw the Tengu Warper began the quest for the Orb.
     0 | D:1      | Reached XP level 1. HP: 12/12 MP: 4/4
     0 | D:1      | 0 ||| qw: Version: 0.1-a-89-g26bdef1
     0 | D:1      | 0 ||| qw: Game counter: 39
     0 | D:1      | 0 ||| qw: Always use a shield: true
     0 | D:1      | 0 ||| qw: God list: Okawaru
     0 | D:1      | 0 ||| qw: Allow faded altars: false
     0 | D:1      | 0 ||| qw: Do Orc after D:15 true
     0 | D:1      | 0 ||| qw: Do second Lair branch before Depths: true
     0 | D:1      | 0 ||| qw: Lair rune preference: random
     0 | D:1      | 0 ||| qw: Plans: Normal
     0 | D:1      | 0 ||| PLANNING D:1-11
    20 | D:1      | Found a faded altar of an unknown god.
   127 | D:1      | Reached skill level 3 in Axes
   127 | D:1      | Reached XP level 2. HP: 17/17 MP: 6/6
   611 | D:1      | Reached XP level 3. HP: 21/21 MP: 7/7
   963 | D:1      | 963 ||| UPGRADING to +0 ring mail.
   973 | D:1      | 973 ||| DROPPING +0 leather armour.
   974 | D:1      | 974 ||| UPGRADING to +0 scale mail.
   984 | D:1      | 984 ||| DROPPING +0 ring mail.
   985 | D:1      | 985 ||| UPGRADING to +2 ring mail of willpower.
   995 | D:1      | 995 ||| DROPPING +0 scale mail.
   996 | D:1      | 996 ||| UPGRADING to +0 cloak.
  1001 | D:1      | 1001 ||| READING 2 scrolls labelled ZACRIE IMAN.
  1002 | D:1      | 1002 ||| READING 3 scrolls labelled YROSARPHOXOGG.
  1003 | D:1      | 1003 ||| READING 3 scrolls labelled NEESICE IWNU.
  1004 | D:1      | 1004 ||| READING 2 scrolls of identify.
  1004 | D:1      | 1004 ||| IDENTIFYING fuming green potion
  1005 | D:1      | 1005 ||| DROPPING scroll of magic mapping.
  1006 | D:1      | 1006 ||| DROPPING scroll of blinking.
  1007 | D:1      | 1007 ||| DROPPING 2 scrolls of vulnerability.
  1162 | D:2      | Reached skill level 4 in Axes
  1171 | D:2      | 1171 ||| Stepping ~*~*~tactically~*~*~ (stealth).
  1307 | D:2      | 1307 ||| Stepping ~*~*~tactically~*~*~ (stealth).
  1308 | D:2      | 1308 ||| Stepping ~*~*~tactically~*~*~ (stealth).
  1361 | D:2      | 1361 ||| DROPPING +0 club.
  1568 | D:2      | 1568 ||| DROPPING +0 mace.
  1664 | D:2      | Reached XP level 4. HP: 26/26 MP: 8/8
  1767 | D:2      | 1767 ||| UPGRADING to +0 pair of gloves.
  1772 | D:2      | 1772 ||| READING scroll labelled NISKEXUINO.
  1773 | D:2      | 1773 ||| READING scroll labelled ZOQUVO YSHAFE.
  1774 | D:2      | 1774 ||| READING scroll labelled VIDORE UFESM.
  1775 | D:2      | 1775 ||| READING 2 scrolls labelled TUIRITR PUEP.
  1778 | D:2      | 1778 ||| DRINKING 2 golden potions.
  1779 | D:2      | 1779 ||| DROPPING potion of brilliance.
  2286 | D:3      | Found a runed translucent door.
  2287 | D:3      | Noticed Crazy Yiuf
  2309 | D:3      | Noticed an ogre
  2327 | D:3      | Reached skill level 5 in Axes
  2332 | D:3      | Killed an ogre
  2333 | D:3      | Reached skill level 6 in Axes
  2333 | D:3      | Gained mutation: Your magical nature lets you fly swiftly
                  | and evasively. [Tengu growth]
  2333 | D:3      | Reached XP level 5. HP: 11/30 MP: 9/9
  2526 | D:3      | 2526 ||| READING scroll of enchant weapon.
  2526 | D:3      | 2526 ||| ENCHANTING +1 hand axe.
  2553 | D:3      | Noticed a kobold brigand
  2614 | D:3      | Noticed Natasha
  2615 | D:3      | 2615 ||| Stepping ~*~*~tactically~*~*~ (stealth).
  2618 | D:3      | Killed Natasha
  2681 | D:3      | 2681 ||| UPGRADING to +0 plate armour.
  2693 | D:3      | 2693 ||| DROPPING +2 ring mail of willpower.
  2699 | D:3      | 2699 ||| DROPPING ring of magical power.
  2700 | D:3      | 2700 ||| READING scroll labelled FEW YNKA XUXU.
  2701 | D:3      | 2701 ||| READING scroll labelled ISYN LIOBOW.
  2850 | D:3      | Killed a kobold brigand
  2851 | D:3      | Reached XP level 6. HP: 19/35 MP: 10/10
  3061 | D:3      | 3061 ||| READING scroll of enchant armour.
  3061 | D:3      | 3061 ||| ENCHANTING +0 pair of gloves.
  3197 | D:3      | You are sucked into a shaft and drop 3 floors!
  3216 | D:6      | Reached skill level 3 in Armour
  3224 | D:6      | 3224 ||| Stepping ~*~*~tactically~*~*~ (stealth).
  3226 | D:6      | 3226 ||| Stepping ~*~*~tactically~*~*~ (stealth).
  3311 | D:6      | 3311 ||| READING scroll labelled LUAKO JACACO.
  3312 | D:6      | 3312 ||| READING 3 scrolls of identify.
  3312 | D:6      | 3312 ||| IDENTIFYING blue potion
  3313 | D:6      | 3313 ||| READING 2 scrolls of identify.
  3313 | D:6      | 3313 ||| IDENTIFYING murky grey potion
  3314 | D:6      | 3314 ||| READING scroll of teleportation.
  3317 | D:6      | Found Maog's Neck Hole.
  3332 | D:6      | 3332 ||| SHOPLISTING amulet of reflection (390 gold, have
                  | 209).
  3332 | D:6      | 3332 ||| BUYING scarf of repulsion (156 gold).
  3332 | D:6      | Bought a scarf of repulsion for 156 gold pieces
  3335 | D:6      | 3335 ||| Stepping ~*~*~tactically~*~*~ (stealth).
  3337 | D:6      | 3337 ||| Stepping ~*~*~tactically~*~*~ (hiding).
  3346 | D:6      | HP: 4/35 [poisoned by a gnoll]
  3346 | D:6      | Slain by a gnoll sergeant

Levels and vault maps discovered:
D:1:      lightli_arrival_statuegarden, layout_loops_ring,
          ebering_ecumenical_altar_sacrificial, minmay_three_crescents
D:2:      minmay_kobold_bridge, layout_basic, serial_bayou_lagoon_a
D:3:      cheibrodos_thug_alley, layout_basic, minmay_stone_trees_small,
          minmay_ogre_servants, uniq_natasha, uniq_crazy_yiuf_cottage
D:6:      minmay_angry_zag, layout_rooms, xom_redecorated, temple_doors_ab,
          nicolae_shop_sticking_my_neck_out

Skill      XL: |  1  2  3  4  5  6 |
---------------+-------------------+-----
Axes           | 3 4 6 |  6.9
Armour         | 2 3 |  3.3
Fighting       | |  2.0
Throwing       | |  1.0
Dodging        | |  2.1
Spellcasting   | |  2.0
Translocations | |  2.4

Action                   |  1- 3 |  4- 6 || total
-------------------------+-------+-------++-------
Melee: Hand axe          |    92 |    87 ||   179
       Kick              |    21 |    25 ||    46
       Peck              |     9 |    16 ||    25
       Punch             |     1 |       ||     1
Throw: Boomerang         |     7 |       ||     7
  Use: Scroll            |     4 |    12 ||    16
       Potion            |       |     1 ||     1
Armor: Leather armour    |    18 |       ||    18
       Ring mail         |    18 |    10 ||    28
       Plate armour      |       |    24 ||    24
Dodge: Dodged            |    58 |    29 ||    87

Table legend:
 A = Non-vault XP
 B = Vault XP
 C = Vault XP percentage of total XP
 D = Non-vault monster count
 E = Vault monster count
 F = Vault count percentage of total count
                 A         B        C        D         E       F
            +---------+---------+-------+---------+---------+-------
      Total |     256 |     290 |  53.1 |      43 |      30 |  41.1
            +---------+---------+-------+---------+---------+-------
        D:1 |      27 |       9 |  25.0 |      16 |       6 |  27.3
        D:2 |      41 |       6 |  12.8 |      17 |       4 |  19.0
        D:3 |      18 |     275 |  93.9 |       5 |      20 |  80.0
        D:6 |     170 |       0 |   0.0 |       5 |       0 |   0.0
            +---------+---------+-------+---------+---------+-------
